 Dungeon Crawl Stone Soup version 0.27.1-16-g815e20cd7a (webtiles) character file.

Game seed: 14843207440902417095

353 belegose the Skirmisher (level 6, -1/63 HPs)
             Began as an Ogre Arcane Marksman on Nov 22, 2021.
             Slain by a water moccasin (8 damage)
             ... on level 4 of the Dungeon.
             The game lasted 00:09:48 (5738 turns).

belegose the Skirmisher (Ogre Arcane Marksman)      Turns: 5738, Time: 00:09:49

Health: -1/63      AC:  4    Str: 13 (15) XL:     6   Next: 62%
Magic:  7/7        EV:  9    Int: 14 (16) God:
Gold:   183        SH:  0    Dex:  6 (9)  Spells: 6/7 levels left

rFire    . . .     SeeInvis .   d - +0 quarterstaff
rCold    . . .     Faith    .   (shield currently unavailable)
rNeg     . . .     Spirit   .   r - +0 robe
rPois    .         Reflect  .   (helmet restricted)
rElec    .         Harm     .   p - +0 cloak
rCorr    .         Rampage  .   (gloves unavailable)
Will     .....                  (boots unavailable)
Stlth    +.........             (no amulet)
HPRegen  0.20/turn              (no ring)
MPRegen  0.10/turn              (no ring)

@: brilliant, lethally poisoned (-1 -> -8), attractive, flying
A: large, unfitting armour, tough skin 1
a: no special abilities


You were on level 4 of the Dungeon.
You visited 1 branch of the dungeon, and saw 4 of its levels.

You collected 183 gold pieces.

Inventory:

Hand Weapons
 d - a +0 quarterstaff (weapon)
 j - a +1 vorpal flail
Missiles
 c - 2 throwing nets
 f - 47 stones
 h - 8 poisoned darts (quivered)
Armour
 p - a +0 cloak (worn)
 r - a +0 robe (worn)
Scrolls
 e - 2 scrolls of immolation
 i - a scroll of teleportation {unknown}
 o - 4 scrolls of identify
Potions
 n - a potion of degeneration
 s - a potion of heal wounds


   Skills:
 + Level 4.4 Fighting
 + Level 2.7 Staves
 + Level 3.8 Throwing
 + Level 2.4 Armour
 - Level 1.7 Dodging
 - Level 1.2 Spellcasting
 - Level 2.6 Hexes


You had 6 spell levels left.
You knew the following spells:

 Your Spells              Type           Power      Damage    Failure   Level
a - Corona                Hex            13%        N/A       9%          1

Your spell library contained the following spells:

 Spells                   Type           Power      Damage    Failure   Level
 Slow                     Hex            12%        N/A       13%         2
 Ensorcelled Hibernation  Hex/Ice        12%        N/A       22%         2
 Inner Flame              Hex/Fire       6%         N/A       41%         3
 Portal Projectile        Hex/Tloc       12%        N/A       41%         3
 Frozen Ramparts          Ice            2%         1d2       61%         3
 Spider Form              Tmut/Pois      0%         N/A       61%         3
 Cause Fear               Hex            6%         N/A       65%         4
 Ice Form                 Ice/Tmut       1%         N/A       95%         4
 Summon Ice Beast         Ice/Summ       1%         N/A       95%         4
 Shadow Creatures         Summ           N/A        N/A       100%        6


Dungeon Overview and Level Annotations

Branches:
Dungeon (4/15)
 Temple: D:4-7

Altars:
Xom


Innate Abilities, Weirdness & Mutations

You are too large for most types of armour.
You have tough skin. (AC +1)


Message History

You feel sick. The water moccasin closely misses you.
The water moccasin bites you but does no damage.
You're too confused to move!
You feel sick. The water moccasin barely misses you.
You feel less invigorated.
You feel less confused.
You feel sick. The water moccasin closely misses you.
It was a potion of brilliance.
You feel clever all of a sudden.
You feel sick.
You are no longer poisoned.
The water moccasin bites you.
It was a potion of attraction.
You feel attractive to monsters. The water moccasin bites you.
It was a potion of curing.
You feel better.
The water moccasin bites you but does no damage.
The water moccasin bites you.
It was a potion of flight.
You feel very buoyant.
You fly up into the air.
The water moccasin bites you.
Unknown command.
You barely miss the water moccasin.
The water moccasin is lightly wounded.
The water moccasin bites you. x2
You are poisoned.
The water moccasin poisons you!
You hit the water moccasin.
The water moccasin is moderately wounded.
You feel very sick. The water moccasin bites you!
* * * LOW HITPOINT WARNING * * *
Okay, then.
As you read the scroll labelled ZOATEH WEJIEPP, it crumbles to dust.
It is a scroll of identify.
e - 2 scrolls of immolation
* * * LOW HITPOINT WARNING * * *
You feel very sick. The water moccasin bites you!
You die...

....#............#
.##.#.#.<)##.#...#
###
.##.#.###....#...#
#... .#..#..
###......##..#
...###. ##.#......#
..## .# #..##.....
...###.######....#..
#...##...........###
..#.....########@.#
........ ##S#
........ #(#
....##..
.......(...K.#
.##..#..
........####..# .#
#.# .......(. .# .#
......##( .# .#....
.. ## ##### #.


You could see a water moccasin.

Vanquished Creatures
  A phantom (D:4)
  2 hounds
  A bullfrog skeleton (D:4)
  Jessica (D:3)
  Terence (D:2)
  An adder (D:2)
  4 gnolls (D:2)
  An adder skeleton (D:4)
  4 worms
  A dart slug (D:1)
  3 orcs
  7 ball pythons
  6 endoplasms
  4 giant cockroaches
  4 goblins
  5 hobgoblins
  8 jackals
  8 quokkas
  3 bats
  A frilled lizard (D:3)
  3 kobolds
  5 rats
74 creatures vanquished.

Notes
Turn   | Place    | Note
-------+----------+-------------------------------------------
     0 | D:1      | belegose the Ogre Arcane Marksman began the quest for the
                  | Orb.
     0 | D:1      | Reached XP level 1. HP: 19/19 MP: 2/2
   408 | D:1      | Found a faded altar of an unknown god.
   669 | D:1      | Reached skill level 2 in Fighting
   669 | D:1      | Reached XP level 2. HP: 26/28 MP: 3/3
  1753 | D:2      | Reached XP level 3. HP: 16/36 MP: 4/4
  1947 | D:2      | Reached skill level 1 in Armour
  2354 | D:2      | Reached skill level 1 in Staves
  2371 | D:2      | Reached XP level 4. HP: 12/44 MP: 5/5
  2635 | D:2      | Reached skill level 3 in Fighting
  3332 | D:2      | Noticed Terence
  3409 | D:2      | Killed Terence
  3410 | D:2      | Reached XP level 5. HP: 19/53 MP: 6/6
  4488 | D:3      | Noticed Jessica
  4495 | D:3      | Killed Jessica
  4820 | D:3      | Found a shimmering altar of Xom.
  5375 | D:4      | Reached skill level 4 in Fighting
  5375 | D:4      | Reached XP level 6. HP: 53/62 MP: 7/7
  5715 | D:4      | Noticed a water moccasin
  5738 | D:4      | Slain by a water moccasin

Illustrated notes

Levels and vault maps discovered:
D:1:      lightli_arrival_windingriver, layout_loops_ring,
          hellmonk_ecumenical_altar_zigzags
D:2:      layout_basic, minmay_quantized, uniq_terence
D:3:      layout_loops_corners, tgw_xom, chequers_serial_rivers_room_a,
          minivault_27, hangedman_glass_teeth, uniq_jessica
D:4:      layout_rooms

Skill      XL: |  1  2  3  4  5 |
---------------+----------------+-----
Fighting       | 2 3 4 |  4.4
Armour         | 1 2 |  2.4
Staves         | 1 2 |  2.7
Throwing       | 3 |  3.8
Dodging        | |  1.7
Spellcasting   | |  1.2
Hexes          | |  2.6

Action                   |  1- 3 |  4- 6 || total
-------------------------+-------+-------++-------
Melee: Unarmed           |    82 |       ||    82
       Quarterstaff      |    71 |   163 ||   234
Throw: Large rock        |     7 |     4 ||    11
       Dart              |     4 |    22 ||    26
       Stone             |     1 |       ||     1
       Javelin           |       |     7 ||     7
  Use: Potion            |       |     7 ||     7
       Scroll            |       |     1 ||     1
Armor: Robe              |    42 |    68 ||   110
Dodge: Dodged            |    93 |    86 ||   179
